 Dungeon Crawl Stone Soup version 0.27-a0-760-gc38aae387d (webtiles) character file.

Game seed: 16868105578017607281

9 polve the Skirmisher (level 2, -6/24 HPs)
             Began as a Demonspawn Abyssal Knight on Mar 25, 2021.
             Was a Follower of Lugonu.
             Mangled by an iron imp (7 damage)
             ... summoned by Natasha
             ... on level 1 of the Dungeon.
             The game lasted 00:00:40 (1350 turns).

polve the Skirmisher (Demonspawn Abyssal Knight)    Turns: 1350, Time: 00:00:40

Health: -6/24      AC:  3    Str: 12    XL:     2   Next: 6%
Magic:  3/3        EV: 11    Int: 13    God:    Lugonu [*.....]
Gold:   44         SH:  0    Dex: 12    Spells: 1/1 levels left

rFire    . . .     SeeInvis .   a - +1 falchion
rCold    . . .     Faith    .   (no shield)
rNeg     . . .     Spirit   .   b - +0 leather armour
rPois    .         Reflect  .   (no helmet)
rElec    .         Harm     .   (no cloak)
rCorr    .         Rampage  .   (no gloves)
Will     .....                  (no boots)
Stlth    +.........             (no amulet)
HPRegen  0.08/turn              (no ring)
MPRegen  0.08/turn              (no ring)

@: slowed, very slow
A: talons 1
a: Renounce Religion, Depart the Abyss


You were on level 1 of the Dungeon.
You worshipped Lugonu.
Lugonu was aware of your devotion.
You visited 1 branch of the dungeon, and saw 2 of its levels.
You visited the Abyss 1 time.

You collected 44 gold pieces.

Inventory:

Hand Weapons
 a - a +1 falchion (weapon)
Armour
 b - a +0 leather armour (worn)
 d - a +0 cloak
Scrolls
 c - a scroll of identify {unknown}
 e - a scroll of immolation {unknown}
 g - a scroll of fog {unknown}
Potions
 f - a potion of lignification {unknown}
 h - a potion of brilliance {unknown}


   Skills:
 - Level 3.0 Fighting
 + Level 2.5 Long Blades
 - Level 1.7 Armour
 - Level 0.8 Dodging
 - Level 2.4 Invocations


You had one spell level left.
You didn't know any spells.
Your spell library was empty.

Dungeon Overview and Level Annotations

Branches:
Dungeon (2/15)

Altars:

Annotations:
D:1 Natasha


Innate Abilities, Weirdness & Mutations

You have sharp toenails.


Message History

You climb downwards.
An endoplasm and Natasha come into view.
Natasha hisses angrily.
The endoplasm quivers.
Found a stone staircase leading down.
There is a stone staircase leading up here.
Natasha mumbles some strange words.
You feel disoriented. Natasha claws you.
You climb upwards.
There is a stone staircase leading down here.
You closely miss Natasha. Your kick misses Natasha.
Natasha stares at you and mumbles some strange words.
You feel yourself slow down.
You barely miss Natasha. You claw Natasha.
Natasha is moderately wounded.
Natasha casts a spell.
Natasha claws you!
You closely miss Natasha.
Natasha is moderately wounded.
Natasha misses you. The iron imp hits you.
* * * LOW HITPOINT WARNING * * *
Natasha mumbles some strange words.
Natasha shimmers violently.
Natasha casts a spell at you. You resist with significant effort.
You barely miss Natasha.
Natasha is moderately wounded.
Natasha completely misses you.
The iron imp hits you but does no damage.
You closely miss Natasha. Your kick misses Natasha.
Natasha is moderately wounded.
Natasha claws you.
* * * LOW HITPOINT WARNING * * *
The iron imp hits you.
* * * LOW HITPOINT WARNING * * *
Natasha barely misses you.
You riposte.
You completely miss Natasha.
Natasha is moderately wounded.
The iron imp hits you!
You die...

###.# #.#.# ##########
#.#.# #........####.#.#
#........+....#.#
#........####.#.#####
#........+..........#
##........####.#.###.#
..........'....5@h)..#
..........##.###.###.#
.....##'#.##.###.###.#
.....##...........##.#
########.............#
#######.....####.##.#
##.............##.##.#
.#.................#.#
.#.#####...#...##..#.###


You could see an iron imp (summoned) and Natasha.

Vanquished Creatures
  A bat (D:1)
  2 endoplasms (D:1)
  3 ball pythons (D:1)
  A goblin (D:1)
  2 kobolds (D:1)
  A rat (D:1)
10 creatures vanquished.

Notes
Turn   | Place    | Note
-------+----------+-------------------------------------------
     0 | Abyss:1  | polve the Demonspawn Abyssal Knight began the quest for the
                  | Orb.
     0 | Abyss:1  | Reached XP level 1. HP: 18/18 MP: 2/2
    20 | Abyss:1  | Noticed a guardian serpent
    21 | D:1      | Escaped the Abyss
   730 | D:1      | Reached * piety under Lugonu
   965 | D:1      | Gained mutation: You have sharp toenails. [demonic
                  | ancestry]
   965 | D:1      | Reached XP level 2. HP: 22/24 MP: 3/3
  1213 | D:1      | Identified the +7 hunting sling "Omycs" {freeze, rC- rN+++
                  | Str+4 Int-3}
  1341 | D:2      | Noticed Natasha
  1350 | D:1      | HP: 1/24 [iron imp[Natasha] (2)]
  1350 | D:1      | Mangled by an iron imp

Illustrated notes

Levels and vault maps discovered:
D:1:      dpeg_arrival_windows_large_door, layout_basic, minivault_5
D:2:      layout_basic, uniq_natasha

Skill      XL: |  1 |
---------------+----+-----
Long Blades    | 2 |  2.5
Fighting       | |  3.0
Armour         | |  1.7
Dodging        | |  0.8
Invocations    | |  2.4

Action                   || total
-------------------------++-------
Melee: Falchion          ||    36
       Kick              ||     2
Invok: Depart the Abyss  ||     1
 Stab: Sleeping          ||     1
Armor: Leather armour    ||    15
Dodge: Dodged            ||    26
       Rpst.: Falchion   ||     4

Table legend: (Time is in decaauts)
 A = Elapsed time spent in this place.
 B = Non-inter-level travel time spent in this place.
 C = Inter-level travel time spent in this place.
 D = Time resting spent in this place.
 E = Time spent auto-exploring this place.
 F = Levels seen in this place.
 G = Mean time per level.
                   A        B        C        D        E       F      G
               +--------+--------+--------+--------+--------+-----+--------+
         Total |   1358 |   1350 |      8 |      0 |   1263 |   3 |  452.7 |
       Dungeon |   1337 |   1329 |      8 |      0 |   1243 |   2 |  668.5 |
         Abyss |     21 |     21 |      0 |      0 |     20 |   1 |   21.0 |
               +--------+--------+--------+--------+--------+-----+--------+

Top non-repeatable levels by time:
     D:1: 1333 daAuts
 Abyss:1: 21 daAuts
     D:2: 3 daAuts
